 Dungeon Crawl Stone Soup version 0.31-a0-1074-g0b22e4e0f1 (webtiles) character file.

Game seed: 12410982059013232582

10078 NinjaNoafa the Blocker (level 11, -5/83 HPs)
             Began as a Gnoll Wanderer on Nov 25, 2023.
             Was an Initiate of Qazlal.
             Slain by a two-headed ogre
             ... wielding a +0 giant spiked club
              (12 damage)
             ... on level 9 of the Dungeon on Nov 27, 2023.
             The game lasted 00:33:30 (9544 turns).

NinjaNoafa the Blocker (Gnoll Wanderer)             Turns: 9544, Time: 00:33:31

Health: -5/83      AC: 16    Str:  6    XL:     11   Next: 56%
Magic:  18/18      EV:  4    Int: 11    God:    Qazlal [......]
Gold:   613        SH:  0    Dex: 16    Spells: 20/23 levels left

rFire   + . .        a - +7 lajatang (vamp)
rCold   + . .        (shield currently unavailable)
rNeg    . . .        r - +1 chain mail of Zetwihec {rElec Will- Regen+ Slay+6}
rPois   +            M - +0 helmet
rElec   +            J - +1 cloak
rCorr   .            w - +0 pair of gloves
SInv    .            i - -1 pair of boots "Jigemel" {Rampage rElec rPois Str-4}
Will    .....        G - amulet of the acrobat
Stlth   +            n - ring of protection from cold
HPRegen 1.13/turn    x - ring of protection from fire
MPRegen 0.16/turn

%: acrobat, rampage
@: no status effects
A: fangs 1, strong nose, distributed training, clumsy 1, low MP 1, strong-willed
1
a: Renounce Religion


You were on level 9 of the Dungeon.
You worshipped Qazlal.
Qazlal was noncommittal.
You visited 2 branches of the dungeon, and saw 11 of its levels.
You also visited: Ossuary and Bailey.

You collected 613 gold pieces.

Inventory:

Hand Weapons
 a - a +7 vampiric lajatang (weapon)
 b - a +1 dagger of venom
 c - a +2 short sword of protection
 H - the +7 hammer of the Viper {freeze, rN+ rCorr}
   (You found it on level 6 of the Dungeon)

   rN+:       It protects you from negative energy.
   rCorr:     It protects you from acid and corrosion.
 P - a +0 dagger of flaming
 V - the +7 falchion of the Volcano {drain, Will+ Str+3 Int+3}
   (You found it on level 8 of the Dungeon)

   Str+3:     It affects your strength (+3).
   Int+3:     It affects your intelligence (+3).
   Will+:     It increases your willpower.
Missiles
 o - 7 poisoned darts
 y - 3 atropa-tipped darts
 B - 8 boomerangs (quivered)
 C - a throwing net
Armour
 i - the -1 pair of boots "Jigemel" (worn) {Rampage rElec rPois Str-4}
   (You found it on level 9 of the Dungeon)

   Str-4:     It affects your strength (-4).
   rElec:     It insulates you from electricity.
   rPois:     It protects you from poison Rampage: It bestows one free step when
   moving towards enemies.
 m - a +0 buckler of protection
 q - the +0 leather armour "Wioceemm" {Fly SInv}
   (You found it on level 3 of the Dungeon)

   SInv:      It lets you see invisible.
   Fly:       It grants you flight.
 r - the +1 chain mail of Zetwihec (worn) {rElec Will- Regen+ Slay+6}
   (You found it in a bailey)

   Slay+6:    It affects your accuracy & damage with ranged weapons and melee
   (+6).
   rElec:     It insulates you from electricity.
   Will-:     It decreases your willpower.
   Regen+:    It increases your rate of health regeneration.
 w - a +0 pair of gloves (worn)
 E - an orb of guile
 J - a +1 cloak (worn)
 M - a +0 helmet (worn)
 R - a +1 pair of boots
Magical Staves
 N - a staff of earth
 O - a staff of fire
Jewellery
 n - a ring of protection from cold (left hand)
 x - a ring of protection from fire (right hand)
 z - a ring of see invisible
 G - an amulet of the acrobat (around neck)
Talismans
 l - a beast talisman
 s - a flux talisman
 W - a maw talisman
Wands
 t - a wand of paralysis (21)
 T - a wand of iceblast (9)
 U - a wand of quicksilver (3)
Scrolls
 d - 3 scrolls of fog
 g - a scroll of immolation
 j - 2 scrolls of teleportation
 k - 2 scrolls of amnesia
 p - 2 scrolls of torment
 Q - a scroll of summoning
 X - a scroll of enchant weapon
Potions
 e - a potion of magic
 f - 3 potions of cancellation
 h - 3 potions of attraction
 u - 2 potions of might {unknown}
 v - 2 potions of berserk rage
 A - 4 potions of mutation
 D - a potion of resistance {unknown}
 F - a potion of lignification {unknown}
 I - 2 potions of heal wounds
 K - a potion of invisibility {unknown}
 L - a potion of haste
 S - a potion of curing


   Skills:
 + Level 6.5 Fighting
 + Level 8.0 Short Blades
 + Level 6.5 Long Blades
 + Level 6.5 Axes
 + Level 6.5 Maces & Flails
 + Level 6.5 Polearms
 + Level 6.5 Staves
 + Level 6.5 Ranged Weapons
 + Level 6.5 Throwing
 + Level 7.1 Armour
 + Level 6.5 Dodging
 + Level 7.8 Stealth
 + Level 12.2 Shields
 + Level 6.5 Unarmed Combat
 + Level 6.5 Spellcasting
 + Level 5.4 Conjurations
 + Level 5.4 Hexes
 + Level 5.4 Summonings
 + Level 5.4 Necromancy
 + Level 5.4 Translocations
 + Level 5.4 Transmutations
 + Level 5.4 Fire Magic
 + Level 5.4 Ice Magic
 + Level 5.4 Air Magic
 + Level 5.4 Earth Magic
 + Level 5.4 Poison Magic
 + Level 7.1 Invocations
 + Level 6.5 Evocations
 + Level 5.9 Shapeshifting


You had 20 spell levels left.
You knew the following spells:

 Your Spells              Type           Power      Damage    Failure   Level
a - Slow                  Hex            60%        N/A       93%         1
b - Call Imp              Summ           30%        N/A       98%         2

Your spell library contained the following spells:

 Spells                   Type           Power      Damage    Failure   Level
 Magic Dart               Conj           60%        1d6       93%         1
 Searing Ray              Conj           30%        2d5       98%         2
 Confusing Touch          Hex            15%        N/A       100%        3
 Mephitic Cloud           Conj/Pois/Air  15%        N/A       100%        3
 Sigil of Binding         Hex            15%        N/A       100%        3
 Vampiric Draining        Necr           15%        2d7       100%        3
 Animate Dead             Necr           15%        N/A       100%        4
 Fulminant Prism          Conj/Hex       7%         3d6       100%        4
 Borgnjor's Vile Clutch   Necr/Erth      7%         N/A       100%        5
 Death Channel            Necr           7%         N/A       100%        6


Dungeon Overview and Level Annotations

Branches:
Dungeon (10/15) Zot: 25386  Temple (1/1) D:4 Zot: 5925     Orc (0/2) D:9
Ossuary (visited)          Bailey (visited)
   Lair: D:8-11

Altars:
Ashenzari
Cheibriados
Dithmenos
Elyvilon
Fedhas
Gozag
Hepliaklqana
Kikubaaqudgha
Makhleb
Nemelex Xobeh
Okawaru
Qazlal
Ru
Sif Muna
Trog
Vehumet
Wu Jian
Xom
Yredelemnul
Zin
The Shining One

Annotations:
D:9 2 runed translucent doors


Innate Abilities, Weirdness & Mutations

You have very sharp teeth.
Your uncanny sense of smell can sniff out nearby items.
Your experience applies equally to all skills.
You are clumsy. (Dex -2)
Your magical capacity is low. (-10% MP)
You are strong-willed. (Will+)


Message History

Health restored: 83 You climb downwards.
The wolf bites you! The wolf bites you but does no damage.
The two-headed ogre hits you with a +0 giant spiked club!
The two-headed ogre hits you with a +0 giant spiked club.
The orc hits you but does no damage.
There is a stone staircase leading up, spattered with blood here.
You take 30 damage, and have 53/83 hp.
MASSIVE DAMAGE!!
The wolf bites you! The orc hits you with a +0 dagger. The wolf bites you.
You climb upwards.
Level annotation: 2 runed translucent doors
There is a stone staircase leading down, spattered with blood here.
You take 8 damage, and have 45/83 hp.
You completely miss the two-headed ogre.
The wolf bites you but does no damage.
The two-headed ogre hits you with a +0 giant spiked club!
* * * LOW HITPOINT WARNING * * *
The two-headed ogre hits you with a +0 giant spiked club.
* * * LOW HITPOINT WARNING * * *
The orc hits you but does no damage. The wolf bites you!
* * * LOW HITPOINT WARNING * * *
You take 22 damage, and have 23/83 hp.
MASSIVE DAMAGE!!
Unknown command.
The wolf closely misses you. The wolf barely misses you.
You regained 2 hp, and now have 25/83 hp.
The wolf bites you but does no damage.
The two-headed ogre attacks as it pursues you!
The two-headed ogre hits you with a +0 giant spiked club!!
* * * LOW HITPOINT WARNING * * *
The two-headed ogre closely misses you.
You see here a wolf skeleton.
You take 19 damage, and have 6/83 hp.
MASSIVE DAMAGE!!
Unknown command.
Aiming: Quicksilver Bolt
Press: ? - help, Shift-Dir - straight line, f - orc
Aim: an orc, wielding a +0 dagger and wearing a +0 leather armour (74% to hit)
The bolt of dispelling energy hits the two-headed ogre!!
The bolt of dispelling energy misses the orc.
The wolf bites you but does no damage. The wolf barely misses you.
The two-headed ogre hits you with a +0 giant spiked club!
You die...

#....#..#......#....#
#....###########....#
#...................#
#...................#
#...........>.......#
#................)..#
#..[......###.###...#
#.....h.).# #.# #...#
#...[@Oo..###'###...#
########)###..[.'_###...#
#.....#8....#.###'###...#
#.....#.....[.# #.# #...#
########.._..'..>..)[###.###...#
.......#.....#........)...)....#
#####..#.....#8.).........#....#
#..########.#.........#....#
#...# #....#..########....#


You could see a two-headed ogre, a wolf and an orc.

Vanquished Creatures
  The ghost of bmb222 the Martial Artist, a novice OpSh (D:8)
  A deep elf pyromancer (Bailey)
  An orc knight (Bailey)
  Jeremiah (D:9)
  A kobold demonologist (D:9)
  Psyche (D:8)
  A troll (D:9)
  A polar bear (D:9)
  Grinder (D:6)
  Prince Ribbit (D:5)
  A shadow (D:9)
  12 yaks
  2 wyverns
  A steam dragon (D:8)
  Edmund (D:5)
  Menkaure (D:6)
  3 water moccasins
  5 orc warriors
  A black bear (D:4)
  5 ice beasts
  A sky beast (D:8)
  A wolf (D:9)
  An ogre (D:5)
  3 centaurs
  2 phantoms
  A kobold brigand (D:8)
  2 gnoll sergeants (D:9)
  3 bullfrogs
  3 scorpions
  5 wights
  3 electric eels (D:6)
  A centaur zombie (Ossuary)
  6 hounds
  Crazy Yiuf (D:6)
  A human zombie (Ossuary)
  10 orc priests
  4 jellies
  4 sleepcaps
  3 iguanas
  12 orc wizards
  5 mummies (Ossuary)
  10 adders
  16 gnolls
  A shadow imp (D:7)
  4 worms
  4 dart slugs
  48 orcs
  2 endoplasms
  2 giant cockroaches
  15 goblins
  2 hobgoblins (D:1)
  5 jackals
  4 quokkas
  6 ball pythons
  7 bats
  3 frilled lizards
  A goblin zombie (Ossuary)
  2 hobgoblin zombies (Ossuary)
  11 kobolds
  2 kobold zombies (Ossuary)
  An orc zombie (Ossuary)
  10 rats
270 creatures vanquished.

Vanquished Creatures (collateral kills)
  An ogre (D:6)
1 creature vanquished.

Vanquished Creatures (others)
  An orc (D:9)
  3 kobolds (D:8)
4 creatures vanquished.

Grand Total: 275 creatures vanquished

Notes
Turn   | Place    | Note
-------+----------+-------------------------------------------
     0 | D:1      | Reached skill level 10 in Shields
     0 | D:1      | NinjaNoafa the Gnoll Wanderer began the quest for the Orb.
     0 | D:1      | NinjaNoafa set off with the following items: a +0 short
                  | sword, a +0 buckler of protection, a +0 pair of gloves, a
                  | scroll of fog, a +0 leather armour.
     0 | D:1      | Reached XP level 1. HP: 13/13 MP: 1/1
    47 | D:1      | Upgraded the game from 0.31-a0-986-g5e6e4ef867 to
                  | 0.31-a0-1074-g0b22e4e0f1
   137 | D:1      | Reached XP level 2. HP: 13/19 MP: 2/2
   294 | D:1      | Reached XP level 3. HP: 25/25 MP: 3/3
   615 | D:2      | Reached skill level 1 in Invocations
   944 | D:2      | Reached skill level 1 in Fighting
   944 | D:2      | Reached skill level 1 in Long Blades
   944 | D:2      | Reached skill level 1 in Axes
   944 | D:2      | Reached skill level 1 in Maces & Flails
   944 | D:2      | Reached skill level 1 in Polearms
   944 | D:2      | Reached skill level 1 in Staves
   944 | D:2      | Reached skill level 1 in Ranged Weapons
   944 | D:2      | Reached skill level 1 in Throwing
   944 | D:2      | Reached skill level 1 in Dodging
   944 | D:2      | Reached skill level 1 in Unarmed Combat
   944 | D:2      | Reached skill level 1 in Spellcasting
   944 | D:2      | Reached skill level 1 in Evocations
  1027 | D:2      | Reached XP level 4. HP: 32/32 MP: 5/5
  1132 | D:2      | Reached skill level 1 in Shapeshifting
  1400 | D:3      | Reached skill level 1 in Conjurations
  1400 | D:3      | Reached skill level 1 in Hexes
  1400 | D:3      | Reached skill level 1 in Summonings
  1400 | D:3      | Reached skill level 1 in Necromancy
  1400 | D:3      | Reached skill level 1 in Translocations
  1400 | D:3      | Reached skill level 1 in Transmutations
  1400 | D:3      | Reached skill level 1 in Fire Magic
  1400 | D:3      | Reached skill level 1 in Ice Magic
  1400 | D:3      | Reached skill level 1 in Air Magic
  1400 | D:3      | Reached skill level 1 in Earth Magic
  1400 | D:3      | Reached skill level 1 in Poison Magic
  1439 | D:3      | Noticed an ice beast
  1545 | D:3      | Gained mutation: You are occasionally teleported next to
                  | monsters. [potion of mutation]
  1545 | D:3      | Gained mutation: You are clumsy. (Dex -2) [potion of
                  | mutation]
  1545 | D:3      | Gained mutation: You have sharp fingernails. [potion of
                  | mutation]
  1573 | D:3      | Killed an ice beast
  1574 | D:3      | Reached XP level 5. HP: 22/37 MP: 5/7
  1804 | D:3      | Reached XP level 6. HP: 44/44 MP: 8/8
  1817 | D:3      | Identified the +0 leather armour "Wioceemm" {Fly SInv}
  2187 | D:4      | Noticed a black bear
  2193 | D:4      | Killed a black bear
  2194 | D:4      | Reached skill level 5 in Short Blades
  2402 | D:4      | Reached XP level 7. HP: 15/50 MP: 10/10
  2497 | D:4      | Found a sand-covered staircase.
  2504 | Ossuary  | Entered an ossuary
  2790 | Ossuary  | Lost mutation: You have sharp fingernails. [potion of
                  | mutation]
  2790 | Ossuary  | Lost mutation: You are occasionally teleported next to
                  | monsters. [potion of mutation]
  2790 | Ossuary  | Gained mutation: Your magical capacity is low. (-10% MP)
                  | [potion of mutation]
  2790 | Ossuary  | Gained mutation: You are strong-willed. (Will+) [potion of
                  | mutation]
  2930 | Ossuary  | Reached skill level 5 in Stealth
  3078 | D:4      | Found a staircase to the Ecumenical Temple.
  3086 | Temple   | Entered the Ecumenical Temple
  3105 | Temple   | Became a worshipper of Dithmenos the Shadowed
  3438 | D:4      | Reached XP level 8. HP: 39/58 MP: 11/11
  3721 | D:5      | Entered Level 5 of the Dungeon
  3798 | D:5      | Noticed Edmund
  3810 | D:5      | Killed Edmund
  3908 | D:5      | Reached skill level 11 in Shields
  4199 | D:5      | Reached * piety under Dithmenos
  4313 | D:5      | Noticed Prince Ribbit
  4325 | D:5      | Killed Prince Ribbit
  4326 | D:5      | Reached XP level 9. HP: 37/65 MP: 13/13
  4503 | D:5      | Learned a level 1 spell: Slow
  4506 | D:5      | Learned a level 2 spell: Call Imp
  5087 | D:6      | Reached skill level 5 in Armour
  5257 | D:6      | Identified the +7 hammer of the Viper {freeze, rN+ rCorr}
  5260 | D:6      | Found a runed translucent door.
  5261 | D:6      | Noticed Crazy Yiuf
  5492 | D:6      | Noticed Grinder
  5508 | D:6      | Killed Grinder
  5631 | D:6      | Noticed Menkaure
  5644 | D:6      | Killed Menkaure
  5717 | D:6      | Killed Crazy Yiuf
  5865 | D:6      | Found an ancient bone altar of Kikubaaqudgha.
  5880 | D:6      | Reached skill level 5 in Invocations
  6077 | D:7      | Found a flagged portal.
  6092 | Bailey   | Entered a bailey
  6261 | Bailey   | Found a large runed translucent door.
  6261 | Bailey   | Found a large runed translucent door.
  6262 | Bailey   | Noticed a deep elf pyromancer
  6262 | Bailey   | Noticed an orc knight
  6301 | Bailey   | Killed an orc knight
  6301 | Bailey   | Reached ** piety under Dithmenos
  6302 | Bailey   | Reached skill level 5 in Fighting
  6302 | Bailey   | Reached skill level 5 in Long Blades
  6302 | Bailey   | Reached skill level 5 in Axes
  6302 | Bailey   | Reached skill level 5 in Maces & Flails
  6302 | Bailey   | Reached skill level 5 in Polearms
  6302 | Bailey   | Reached skill level 5 in Staves
  6302 | Bailey   | Reached skill level 5 in Ranged Weapons
  6302 | Bailey   | Reached skill level 5 in Throwing
  6302 | Bailey   | Reached skill level 5 in Dodging
  6302 | Bailey   | Reached skill level 5 in Unarmed Combat
  6302 | Bailey   | Reached skill level 5 in Spellcasting
  6302 | Bailey   | Reached skill level 5 in Evocations
  6302 | Bailey   | Reached XP level 10. HP: 43/74 MP: 12/15
  6434 | Bailey   | Killed a deep elf pyromancer
  6446 | Bailey   | Identified the +1 chain mail of Zetwihec {rElec Will-
                  | Regen+ Slay+6}
  6792 | D:7      | HP: 2/74 [poisoned by a water moccasin]
  7084 | D:7      | Found an opulent altar of Gozag.
  7139 | D:7      | Found a snail-covered altar of Cheibriados.
  7394 | D:7      | Found a glowing silver altar of Zin.
  7394 | D:7      | Found a burning altar of Makhleb.
  7395 | D:7      | Noticed a cacodemon
  7395 | D:7      | Noticed an angel
  7708 | D:8      | Noticed Psyche
  7773 | D:8      | Killed Psyche
  7774 | D:8      | Reached skill level 5 in Shapeshifting
  7798 | D:8      | Found a runed translucent door.
  7803 | D:8      | Noticed bmb222's ghost (novice OpSh)
  7911 | D:8      | You fall into a shaft and drop 2 floors!
  7911 | D:10     | Entered Level 10 of the Dungeon
  7927 | D:10     | Noticed a two-headed ogre
  7949 | D:9      | Found a staircase to the Orcish Mines.
  7957 | D:9      | Found a broken altar of Ashenzari.
  7957 | D:9      | Identified the -1 pair of boots "Jigemel" {Rampage rElec
                  | rPois Str-4}
  7966 | D:9      | Noticed Jeremiah
  7986 | D:9      | Found an ornate altar of the Wu Jian Council.
  8032 | D:8      | Reached *** piety under Dithmenos
  8378 | D:8      | Identified the +7 falchion of the Volcano {drain, Will+
                  | Str+3 Int+3}
  8458 | D:8      | Killed bmb222's ghost
  8459 | D:8      | Reached XP level 11. HP: 70/81 MP: 16/17
  8511 | D:8      | Reached skill level 12 in Shields
  8576 | D:9      | Reached skill level 5 in Conjurations
  8576 | D:9      | Reached skill level 5 in Hexes
  8576 | D:9      | Reached skill level 5 in Summonings
  8576 | D:9      | Reached skill level 5 in Necromancy
  8576 | D:9      | Reached skill level 5 in Translocations
  8576 | D:9      | Reached skill level 5 in Transmutations
  8576 | D:9      | Reached skill level 5 in Fire Magic
  8576 | D:9      | Reached skill level 5 in Ice Magic
  8576 | D:9      | Reached skill level 5 in Air Magic
  8576 | D:9      | Reached skill level 5 in Earth Magic
  8576 | D:9      | Reached skill level 5 in Poison Magic
  8788 | D:9      | Killed Jeremiah
  8921 | D:9      | Found a large runed translucent door.
  8923 | D:9      | Found a large runed translucent door.
  8930 | D:9      | Noticed a centaur warrior
  9252 | Temple   | Fell from the grace of Dithmenos
  9252 | Temple   | Became a worshipper of Qazlal Stormbringer
  9544 | D:9      | Slain by a two-headed ogre

Illustrated notes

Levels and vault maps discovered:
D:1:      dpeg_arrival_arbitrary_b, layout_rooms, minmay_crystal_water
D:2:      layout_basic, kennysheep_cross_room
D:3:      layout_loops_ring
D:4:      layout_loops_ring, minmay_temple_entry_butterflies,
          chequers_ossuary_entry_cave, grunt_ministairs_6, grunt_decor_fettered,
          minmay_fractal_squares_5
D:5:      kennysheep_six_static_rooms, layout_loops_cross, uniq_edmund,
          uniq_prince_ribbit1
D:6:      layout_basic, kiku_gazebo_garden_becter, nicolae_lava_and_water,
          chequers_big_river, hellmonk_no_cap, uniq_grinder, uniq_menkaure,
          uniq_crazy_yiuf_cottage
D:7:      layout_gridville, grunt_temple_overflow_order_and_chaos_2,
          marbit_many_paths, grunt_gozag_statues, enter_bailey_3
D:8:      layout_gridville, hellmonk_ghost_happy_afterlife, uniq_psyche
D:9:      okawaru_arena_lexackson, layout_gridville, lemuel_doored_altar,
          evilmike_ruin_ashenzari, minmay_orc_entry_temple_small, uniq_jeremiah
D:10:     layout_rooms, mainiacjoe_overflow_alcove_4, hellmonk_lair_entry_icy,
          hangedman_abyss_or_decor_lesser_grid
Temple:   eino_temple_water

Skill      XL: |  1  2  3  4  5  6  7  8  9 10 11 |
---------------+----------------------------------+-----
Shields        | 11 12 | 12.2
Invocations    | 1 2 3 4 5 6 7 |  7.1
Fighting       | 1 2 3 5 6 |  6.5
Long Blades    | 1 2 3 5 6 |  6.5
Axes           | 1 2 3 5 6 |  6.5
Maces & Flails | 1 2 3 5 6 |  6.5
Polearms       | 1 2 3 5 6 |  6.5
Staves         | 1 2 3 5 6 |  6.5
Ranged Weapons | 1 2 3 5 6 |  6.5
Throwing       | 1 2 3 5 6 |  6.5
Dodging        | 1 2 3 5 6 |  6.5
Unarmed Combat | 1 2 3 5 6 |  6.5
Spellcasting   | 1 2 3 5 6 |  6.5
Evocations     | 1 2 3 5 6 |  6.5
Shapeshifting  | 1 2 3 4 5 |  5.9
Conjurations   | 1 2 3 4 5 |  5.4
Hexes          | 1 2 3 4 5 |  5.4
Summonings     | 1 2 3 4 5 |  5.4
Necromancy     | 1 2 3 4 5 |  5.4
Translocations | 1 2 3 4 5 |  5.4
Transmutations | 1 2 3 4 5 |  5.4
Fire Magic     | 1 2 3 4 5 |  5.4
Ice Magic      | 1 2 3 4 5 |  5.4
Air Magic      | 1 2 3 4 5 |  5.4
Earth Magic    | 1 2 3 4 5 |  5.4
Poison Magic   | 1 2 3 4 5 |  5.4
Armour         | 3 4 5 6 7 |  7.1
Short Blades   | 5 6 7 8 |  8.0
Stealth        | 5 6 7 |  7.8

Action                     |  1- 3 |  4- 6 |  7- 9 | 10-12 || total
---------------------------+-------+-------+-------+-------++-------
  Melee: Short sword       |   136 |    80 |    75 |    31 ||   322
         Bite              |     9 |    20 |    56 |    37 ||   122
         Dagger            |       |    36 |   308 |     8 ||   352
         Unarmed           |       |    39 |     8 |       ||    47
         Lajatang          |       |       |       |   250 ||   250
         Mace              |       |       |       |     8 ||     8
         Falchion          |       |       |       |     6 ||     6
  Throw: Boomerang         |       |       |       |     6 ||     6
   Cast: Call Imp          |       |       |     5 |     6 ||    11
         Slow              |       |       |     4 |    20 ||    24
  Evoke: Wand              |       |       |     4 |     3 ||     7
    Use: Potion            |       |     6 |     4 |     4 ||    14
         Scroll            |       |     3 |     9 |    11 ||    23
   Stab: Sleeping          |    10 |    11 |    14 |       ||    35
         Paralysed         |       |       |     1 |     1 ||     2
 Armour: Leather armour    |    60 |    51 |   152 |    46 ||   309
         Chain mail        |       |       |       |   425 ||   425
  Dodge: Dodged            |    43 |    64 |   170 |   269 ||   546
  Block: Buckler           |    32 |    30 |   115 |    25 ||   202
   Form: Beast             |       |     1 |     3 |     1 ||     5
         Flux              |       |     1 |     1 |       ||     2
                           |       |       |     2 |     1 ||     3

Table legend: (Time is in decaauts)
 A = Elapsed time spent in this place.
 B = Non-inter-level travel time spent in this place.
 C = Inter-level travel time spent in this place.
 D = Time resting spent in this place.
 E = Time spent auto-exploring this place.
 F = Levels seen in this place.
 G = Mean time per level.
                   A        B        C        D        E       F      G
               +--------+--------+--------+--------+--------+-----+--------+
         Total |   9413 |   8679 |    734 |   1507 |   4532 |  13 |  724.1 |
       Dungeon |   8480 |   7816 |    664 |   1212 |   4335 |  10 |  848.0 |
        Temple |     74 |      5 |     69 |      0 |      0 |   1 |   74.0 |
       Ossuary |    458 |    458 |      0 |    230 |     78 |   1 |  458.0 |
        Bailey |    400 |    400 |      0 |     65 |    119 |   1 |  400.0 |
               +--------+--------+--------+--------+--------+-----+--------+

Top non-repeatable levels by time:
     D:6: 1385 daAuts
     D:5: 1317 daAuts
     D:4: 1024 daAuts
     D:7: 979 daAuts
     D:8: 849 daAuts
     D:3: 793 daAuts
     D:2: 778 daAuts
     D:9: 744 daAuts
     D:1: 569 daAuts
 Ossuary: 458 daAuts
  Bailey: 400 daAuts
  Temple: 74 daAuts
    D:10: 38 daAuts
